 Dungeon Crawl Stone Soup version 0.13-b1-28-gc7b9293 (webtiles) character file.

475 DaftWullie the Cutter (level 6, -11/58 HPs)
             Began as a Kobold Berserker on Oct 4, 2013.
             Was a Believer of Trog.
             Mangled by Menkaure (21 damage)
             ... on Level 4 of the Dungeon.
             The game lasted 00:33:02 (2911 turns).

DaftWullie the Cutter (Kobold Berserker)            Turns: 2911, Time: 00:33:03

HP -11/58        AC  3     Str 21      XL: 6   Next: 92%
MP   5/5         EV 16     Int  5      God: Trog [**....]
Gold 125         SH  0     Dex 17      Spells:  0 memorised,  5 levels left

Res.Fire  : . . .   See Invis. : .   a - +0 short sword
Res.Cold  : . . .   Warding    : .   y - +0 orc leather armour
Life Prot.: . . .   Conserve   : .   (no shield)
Res.Poison: .       Res.Corr.  : .   (no helmet)
Res.Elec. : .       Clarity    : .   o - +1 cloak
Sust.Abil.: . .     Spirit.Shd : .   (no gloves)
Res.Mut.  : .       Stasis     : .   (no boots)
Res.Rott. : .       Flight     : .   (no amulet)
Saprovore : + + .                    (no ring)
                                     w - -2 ring of protection

@: regenerating, berserking, very quick, quite resistant to hostile
enchantments, extremely unstealthy
A: disease resistance, carnivore 3, saprovore 2
a: Burn Spellbooks, Berserk, Trog's Hand, Renounce Religion


You were on level 4 of the Dungeon.
You worshipped Trog.
Trog was pleased with you.
You were very full.

You visited 1 branch of the dungeon, and saw 4 of its levels.

You collected 105 gold pieces.

Inventory:

Hand weapons
 a - a +0,+0 short sword (weapon)
 d - a +0,+1 orcish short sword
Missiles
 f - 33 darts (quivered)
 r - 23 poisoned needles
Armour
 b - a +0 animal skin
 o - a +1 cloak (worn)
 y - a +0 orcish leather armour (worn)
Magical devices
 m - a wand of polymorph (2)
Comestibles
 c - 2 meat rations
Scrolls
 e - 2 scrolls of enchant weapon I
 h - a scroll of curse weapon
 n - a scroll of random uselessness
 q - a scroll of magic mapping
 x - a scroll of identify
Jewellery
 w - a -2 ring of protection (left hand)
Potions
 g - a potion of restore abilities {unknown}
 i - 2 potions of curing {unknown}
 k - 2 potions of might {unknown}
 l - a potion of paralysis {unknown}
 p - a potion of brilliance {unknown}
 s - a potion of speed {unknown}
 t - 2 potions of heal wounds {unknown}
 v - a potion of poison {unknown}


   Skills:
 * Level 5.2 Fighting
 * Level 6.9 Short Blades
 - Level 1.5 Armour
 + Level 4.1 Dodging
 + Level 1.7 Stealth


You had 5 spell levels left.
You didn't know any spells.

Dungeon Overview and Level Annotations

Branches:
Dungeon (4/27)
 Temple: D:4-7

Altars:
Okawaru

Annotations:
D:3 Crazy Yiuf
D:4 Menkaure


Innate Abilities, Weirdness & Mutations

You recuperate from illness quickly.
You are small and have problems with some larger weapons.
You are carnivorous and can eat meat at any time.
You can eat rotten meat.


Message History

Your body is wracked with pain!
* * * LOW HITPOINT WARNING * * *
Menkaure calls on the powers of darkness!
Your body is wracked with pain!
* * * LOW HITPOINT WARNING * * *
There is an open door here.
Menkaure calls on the powers of darkness!
Your body is wracked with pain!
* * * LOW HITPOINT WARNING * * *
You open the door.
There is an open door here.
Use which ability? (? or * to list)
Your skin crawls.
You feel resistant to hostile enchantments.
You feel slightly less full.
Use which ability? (? or * to list)
A red film seems to cover your vision as you go berserk!
You feel yourself moving faster!
You feel mighty!
You feel somewhat less full. Menkaure hits you!
You die...

#.# ########'#### #.## ##.#
#..# ##.M# ##.# #..##
######'## ######'#######
#......<# #............#
+.......#### #............#
#.......+....##............#
#.......# #..@M...........#
#.......# ####............
#z......# #...........
######## ###########


You could see Menkaure.

Vanquished Creatures
  The ghost of Lilouch the Cudgeler, an average MiBe of Trog (D:3)
  Sigmund (D:1)
  A worker ant (D:3)
  Jessica (D:1)
  8 adders
  A giant mite (D:1)
  A giant eyeball (D:4)
  A giant gecko (D:3)
  2 oozes
  An orc (D:3)
  2 ball pythons
  4 bats
  4 goblins
  12 hobgoblins
  2 jackals (D:2)
  9 kobolds
  3 quokkas
  A giant newt (D:3)
  10 rats
65 creatures vanquished.

Notes
Turn   | Place    | Note
--------------------------------------------------------------
     0 | D:1      | DaftWullie, the Kobold Berserker, began the quest for the Orb.
     0 | D:1      | Reached XP level 1. HP: 14/14 MP: 0/0
    45 | D:1      | Reached XP level 2. HP: 19/19 MP: 1/1
   242 | D:1      | Reached XP level 3. HP: 11/24 MP: 2/2
   580 | D:2      | Noticed Jessica
   580 | D:2      | Noticed Sigmund
   743 | D:1      | Reached skill level 5 in Short Blades
   983 | D:1      | Acquired Trog's second power
  1041 | D:1      | Reached XP level 4. HP: 29/29 MP: 3/3
  1277 | D:1      | Killed Sigmund
  1277 | D:1      | Reached XP level 5. HP: 19/33 MP: 0/4
  1340 | D:1      | Killed Jessica
  1437 | D:2      | Reached skill level 6 in Short Blades
  1784 | D:3      | Noticed Lilouch's ghost (average MiBe)
  1795 | D:3      | Killed Lilouch's ghost
  1795 | D:3      | Reached skill level 5 in Fighting
  1795 | D:3      | Reached skill level 1 in Stealth
  1795 | D:3      | Reached XP level 6. HP: 29/39 MP: 5/5
  1947 | D:3      | Found an iron altar of Okawaru.
  2766 | D:3      | Noticed Crazy Yiuf
  2881 | D:4      | Noticed Menkaure
  2911 | D:4      | Mangled by Menkaure

Action                   |  1- 3 |  4- 6 || total
-------------------------+-------+-------++-------
Melee: Short sword       |   115 |   205 ||   320
       Unarmed           |       |     1 ||     1
Throw: Dart              |       |     7 ||     7
Invok: Berserk           |     1 |     4 ||     5
       Trog's Hand       |       |     2 ||     2
  Use: Scroll            |       |     8 ||     8
 Stab: Sleeping          |     2 |     2 ||     4
